 Dungeon Crawl Stone Soup version 0.29-a0-1027-gcd8c55af63 (webtiles) character file.

Game seed: 17078089755231010571

46 ragingrage the Chopper (level 3, -5/29 HPs)
             Began as a Demonspawn Chaos Knight on Aug 13, 2022.
             Was a Plaything of Xom.
             Killed from afar by Ijyb (12 damage)
             ... with a bolt of dispelling energy
             ... on level 3 of the Dungeon.
             The game lasted 00:01:22 (2373 turns).

ragingrage the Chopper (Demonspawn Chaos Knight)    Turns: 2373, Time: 00:01:22

Health: -5/29      AC:  7    Str: 14    XL:     3   Next: 46%
Magic:  3/3        EV: 13    Int: 13    God:    Xom [.....*]
Gold:   1449       SH:  0    Dex: 12    Spells: 2/2 levels left

rFire   . . .      SeeInvis .   a - +0 hand axe (chaos)
rCold   . . .      Faith    .   (no shield)
rNeg    . . .      Spirit   .   b - +2 leather armour
rPois   .          Reflect  .   k - +0 helmet
rElec   .          Harm     .   (no cloak)
rCorr   .          Rampage  .   f - +0 pair of gloves
Will    .....                   (no boots)
Stlth   +.........              (no amulet)
HPRegen 0.09/turn               (no ring)
MPRegen 0.08/turn               (no ring)

@: no status effects
A: hooves 1, repulsion field 1
a: Renounce Religion


You were on level 3 of the Dungeon.
You worshipped Xom.
You were Xom's teddy bear.
You visited 1 branch of the dungeon, and saw 3 of its levels.

You collected 1449 gold pieces.

Inventory:

Hand Weapons
 a - a +0 hand axe of chaos (weapon)
Missiles
 r - 4 poisoned darts
Armour
 b - a +2 leather armour (worn)
 f - a +0 pair of gloves (worn)
 k - a +0 helmet (worn)
Jewellery
 d - a ring of ice
 j - a ring of flight
Scrolls
 e - a scroll of teleportation {unknown}
 i - 4 scrolls of identify {unknown}
 m - a scroll of enchant weapon {unknown}
 p - a scroll of immolation {unknown}
 q - a scroll of brand weapon {unknown}
Potions
 g - 2 potions of curing
 h - a potion of invisibility {unknown}
 l - a potion of magic {unknown}
 n - a potion of flight {unknown}
 o - a potion of heal wounds {unknown}
Miscellaneous
 c - a piece from Xom's chessboard (14/15) (quivered)


   Skills:
 - Level 3.0 Fighting
 + Level 4.1 Axes
 - Level 1.7 Armour
 - Level 0.8 Dodging


You had 2 spell levels left.
You didn't know any spells.
Your spell library contained the following spells:

 Spells                   Type           Power      Damage    Failure   Level
 Sting                    Tmut/Pois      0%         1d3       36%         1
 Poisonous Vapours        Pois/Air       0%         N/A       50%         2
 Gell's Gravitas          Tloc           0%         N/A       75%         3
 Lesser Beckoning         Tloc           0%         N/A       75%         3
 Teleport Other           Tloc           0%         N/A       75%         3
 Olgreb's Toxic Radiance  Pois           0%         N/A       98%         4


Dungeon Overview and Level Annotations

Branches:
Dungeon (3/15)

Altars:
Okawaru
Xom

Shops:
D:1 (

Annotations:
D:3 Ijyb


Innate Abilities, Weirdness & Mutations

You have large cloven feet.
You are surrounded by a mild repulsion field. (EV +2)


Message History

You hit Ijyb but do no damage.
Ijyb resists with some effort.
Your kick misses Ijyb. Your punch misses Ijyb.
Ijyb is lightly wounded.
Ijyb hits you with a +0 club.
You hit Ijyb but do no damage.
Ijyb is poisoned.
You kick Ijyb.
Ijyb is moderately wounded.
Ijyb zaps a wand.
The bolt of dispelling energy misses you.
You hit Ijyb. You freeze Ijyb. Your kick misses Ijyb.
Ijyb is heavily wounded.
Ijyb hits you with a +0 club.
You completely miss Ijyb. Your kick misses Ijyb.
Ijyb is heavily wounded.
Ijyb screams, "I no like you!" Ijyb misses you.
You hit Ijyb.
You feel better.
Your kick misses Ijyb.
Ijyb is severely wounded.
Ijyb drinks a potion.
Ijyb is healed!
Ijyb looks more healthy.
You closely miss Ijyb.
Ijyb is heavily wounded.
Ijyb zaps a wand.
The bolt of dispelling energy hits you.
Ijyb zaps a wand.
The bolt of dispelling energy misses you.
You hit Ijyb.
Ijyb is poisoned.
Ijyb is severely wounded.
Ijyb closely misses you.
You miss Ijyb.
Ijyb is severely wounded.
Ijyb hits you with a +0 club.
You hit Ijyb but do no damage. You kick Ijyb, but do no damage.
Ijyb is severely wounded.
Ijyb zaps a wand.
The bolt of dispelling energy hits you!
* * * LOW HITPOINT WARNING * * *
Unknown command.
You closely miss Ijyb.
Ijyb is almost dead.
Ijyb barely misses you.
You barely miss Ijyb. You kick Ijyb, but do no damage.
Ijyb is almost dead.
Ijyb zaps a wand.
The bolt of dispelling energy hits you!
You die...

### #######.# ......g.#
##########@###
#............#
#.....####.#.# ###.# #
#..........#... ....... .
##+#...................###.
#...#.....................
###.#.#####..####.....##.#
########.#.........
#.........
#........#.........#
#.#.......


You could see Ijyb (poisoned).

Vanquished Creatures
  An adder (D:2)
  A worm (D:3)
  An orc (D:3)
  A ball python (D:2)
  4 endoplasms
  4 goblins
  3 hobgoblins
  3 jackals (D:2)
  4 kobolds
  A quokka (D:2)
  3 bats
  3 frilled lizards
  A rat (D:1)
30 creatures vanquished.

Notes
Turn   | Place    | Note
-------+----------+-------------------------------------------
     0 | D:1      | ragingrage the Demonspawn Chaos Knight began the quest for
                  | the Orb.
     0 | D:1      | Reached XP level 1. HP: 18/18 MP: 1/1
    95 | D:1      | XOM: potion effect (haste)
   100 | D:1      | Reached skill level 3 in Axes
   114 | D:1      | Found Busm's Weapon Emporium.
   256 | D:1      | XOM: silly message
   416 | D:2      | Gained mutation: You are surrounded by a mild repulsion
                  | field. (EV +2) [demonic ancestry]
   416 | D:2      | Reached XP level 2. HP: 24/24 MP: 2/2
   571 | D:2      | Found an iron altar of Okawaru.
   729 | D:1      | XOM: cloud trail
  1112 | D:1      | XOM: god gift: ring of flight
  1289 | D:2      | Gained mutation: You have large cloven feet. [demonic
                  | ancestry]
  1289 | D:2      | Reached XP level 3. HP: 25/29 MP: 3/3
  1310 | D:2      | XOM: god gift: 1336 gold pieces
  1445 | D:2      | Found a faded altar of an unknown god.
  1569 | D:2      | XOM: scenery: 3 doors close
  1802 | D:2      | XOM: god gift: yellow potion {god gift}
  1832 | D:2      | Reached skill level 4 in Axes
  2043 | D:3      | XOM: scenery: create altars
  2358 | D:3      | Noticed Ijyb
  2373 | D:3      | Killed from afar by Ijyb

Illustrated notes

Levels and vault maps discovered:
D:1:      dpeg_arrival_arbitrary_c, layout_basic, serial_shops, shop
D:2:      kennysheep_big_flooded_room, layout_loops_corners, basic_altar,
          hellmonk_ecumenical_altar_lost_god, kennysheep_generic_room_15
D:3:      layout_basic, tgw_kikubaaqudgha, mainiacjoe_overflow_two_lobes,
          corexii_item_surrounded_by_moat, uniq_ijyb, uniq_grinder, uniq_robin

Skill      XL: |  1  2  3 |
---------------+----------+-----
Axes           | 3 4 |  4.1
Fighting       | |  3.0
Armour         | |  1.7
Dodging        | |  0.8

Action                   || total
-------------------------++-------
Melee: Hand axe          ||   104
       Punch             ||     1
       Kick              ||    12
Evoke: Piece from Xom's  ||     1
 Stab: Paralysed         ||     1
Armor: Leather armour    ||    35
Dodge: Dodged            ||    72

Table legend: (Time is in decaauts)
 A = Elapsed time spent in this place.
 B = Non-inter-level travel time spent in this place.
 C = Inter-level travel time spent in this place.
 D = Time resting spent in this place.
 E = Time spent auto-exploring this place.
 F = Levels seen in this place.
 G = Mean time per level.
                   A        B        C        D        E       F      G
               +--------+--------+--------+--------+--------+-----+--------+
         Total |   2364 |   2195 |    169 |     94 |   1844 |   3 |  788.0 |
       Dungeon |   2364 |   2195 |    169 |     94 |   1844 |   3 |  788.0 |
               +--------+--------+--------+--------+--------+-----+--------+

Top non-repeatable levels by time:
     D:2: 1134 daAuts
     D:1: 873 daAuts
     D:3: 357 daAuts
